 Dungeon Crawl Stone Soup version 0.20-a0-795-ga03948b (webtiles) character file.

578 Gorglomux the Cleaver (level 7, 0/85 HPs)
             Began as a Hill Orc Berserker on Mar 1, 2017.
             Was a Priest of Trog.
             Slain by Prince Ribbit (13 damage)
             ... on level 5 of the Dungeon.
             The game lasted 00:06:52 (4283 turns).

Gorglomux the Cleaver (Hill Orc Berserker)          Turns: 4283, Time: 00:06:53

Health: 0/85       AC:  7    Str: 25    XL:     7   Next: 36%
Magic:  7/7        EV: 12    Int:  7    God:    Trog [***...]
Gold:   278        SH:  0    Dex: 12    Spells: 6/6 levels left

rFire    . . .     SeeInvis .   a - +0 hand axe
rCold    . . .     Gourm    .   E - +0 leather armour
rNeg     . . .     Faith    .   (no shield)
rPois    .         Spirit   .   i - +2 helmet
rElec    .         Reflect  .   l - +0 cloak
rCorr    .         Harm     .   (no gloves)
MR       .....                  (no boots)
Stlth    ..........             (no amulet)
Regen    0.3/turn               (no ring)
MPRegen  0.1/turn               (no ring)

@: berserking, very quick
A: no striking features
a: Berserk, Trog's Hand, Burn Spellbooks, Renounce Religion


You were on level 5 of the Dungeon.
You worshipped Trog.
Trog was most pleased with you.
You were hungry.

You visited 1 branch of the dungeon, and saw 5 of its levels.

You collected 278 gold pieces.

Inventory:

Hand Weapons
 a - a +0 hand axe (weapon)
 b - a +0 blowgun
Missiles
 A - 23 poisoned needles
Armour
 i - a +2 helmet (worn)
 l - a +0 cloak (worn)
 q - a +0 animal skin
 t - a +2 hat
 E - a +0 leather armour (worn)
Jewellery
 H - an uncursed ring of resist corrosion {unknown}
Wands
 C - a wand of confusion (25/48)
Scrolls
 d - 4 scrolls of teleportation {unknown}
 g - a scroll of recharging {unknown}
 h - 3 scrolls of identify {unknown}
 m - a scroll of enchant weapon {unknown}
 w - 2 scrolls of fear {unknown}
 y - a scroll of random uselessness {unknown}
 z - 2 scrolls of amnesia {unknown}
 D - a scroll of remove curse {unknown}
 G - 3 scrolls of blinking {unknown}
 K - a scroll of noise {unknown}
Potions
 j - a potion of mutation {unknown}
 o - a potion of might {unknown}
 v - a potion of curing {unknown}
 x - a potion of lignification {unknown}
 B - a potion of haste {unknown}
 J - a potion of flight {unknown}
 M - a potion of cancellation {unknown}
Comestibles
 c - 2 bread rations
 p - 3 royal jellies
 r - a meat ration
 I - a fruit
 L - 8 chunks of flesh


   Skills:
 - Level 3.6 Fighting
 + Level 10.7 Axes
 - Level 2.1 Armour
 - Level 1.5 Dodging


You had 6 spell levels left.
You didn't know any spells.

Dungeon Overview and Level Annotations

Branches:
Dungeon (5/15)             Temple (0/1) D:5

Altars:

Shops:
D:4 (

Annotations:
D:5 Prince Ribbit


Message History

Unknown command.
A red film seems to cover your vision as you go berserk!
You feel yourself moving faster!
You feel mighty!
You are feeling hungry.
Prince Ribbit hits you!
* * * LOW HITPOINT WARNING * * *
You closely miss Prince Ribbit.
Prince Ribbit is lightly wounded.
Prince Ribbit hits you!
* * * LOW HITPOINT WARNING * * *
You completely miss Prince Ribbit.
Prince Ribbit is lightly wounded.
Prince Ribbit hits you!
* * * LOW HITPOINT WARNING * * *
You slash Prince Ribbit!
Prince Ribbit is heavily wounded.
You miss Prince Ribbit.
Prince Ribbit is heavily wounded.
Prince Ribbit hits you!
You die...

........#.#.#.##########
#####<#..............#
#...........########.##
#.###.........# #...
#.#.#.###.# #..# #.....#
.# #..# #.#.#.# # #..# .
#.#.#+###. #...
....###.@....<.% ##.#
......=.WF....## ###.#
#..###.#.......# ##.#.#
#......)...####.....
.>...........+........
..###..........####.....
.)#.......# #..###
#####.....## #.## #...##
#.#


You could see Prince Ribbit and a phantom.

Vanquished Creatures
  An ogre (D:4)
  A centaur (D:5)
  A crimson imp (D:5)
  A centaur zombie (D:5)
  An orc priest (D:4)
  2 orc wizards
  A bullfrog skeleton (D:4)
  3 worker ants (D:4)
  3 gnolls (D:4)
  4 adders
  An ooze (D:2)
  An adder skeleton (D:5)
  4 dart slugs
  3 worms
  3 leopard geckos
  12 orcs
  8 bats
  4 giant cockroaches
  6 goblins
  3 hobgoblins
  5 kobolds
  3 quokkas
  2 ball pythons
  5 frilled lizards
  4 rats
82 creatures vanquished.

Notes
Turn   | Place    | Note
-------+----------+-------------------------------------------
     0 | D:1      | Gorglomux the Hill Orc Berserker began the quest for the Orb.
     0 | D:1      | Reached XP level 1. HP: 19/19 MP: 1/1
   160 | D:1      | Reached XP level 2. HP: 26/26 MP: 2/2
   329 | D:1      | HP: 1/26 [poisoned by a goblin]
   334 | D:1      | HP: 1/26 [poisoned by a goblin]
   817 | D:1      | Reached skill level 5 in Axes
  1193 | D:2      | Reached XP level 3. HP: 25/31 MP: 3/3
  1657 | D:2      | Reached ** piety under Trog
  1657 | D:2      | Reached skill level 6 in Axes
  1928 | D:2      | Reached XP level 4. HP: 39/39 MP: 4/4
  2623 | D:3      | Reached skill level 7 in Axes
  3021 | D:4      | Reached XP level 5. HP: 36/45 MP: 5/5
  3025 | D:4      | Reached *** piety under Trog
  3028 | D:4      | Reached skill level 8 in Axes
  3235 | D:4      | Reached XP level 6. HP: 36/51 MP: 6/6
  3258 | D:4      | Found Seamec's Weapon Emporium.
  3280 | D:4      | Reached skill level 9 in Axes
  3943 | D:5      | Entered Level 5 of the Dungeon
  4006 | D:5      | Reached skill level 10 in Axes
  4006 | D:5      | Reached XP level 7. HP: 35/57 MP: 7/7
  4167 | D:5      | Found a staircase to the Ecumenical Temple.
  4266 | D:5      | Noticed Prince Ribbit
  4283 | D:5      | Slain by Prince Ribbit

Vault maps used:
D:1:      dpeg_arrival_three_bigger_balls
D:2:      minivault_23
D:4:      serial_shops, shop, portal_sewer_entry_e
D:5:      minmay_temple_entry_purple_smoke, first_bread, uniq_pikel,
          uniq_eustachio, uniq_grinder, uniq_prince_ribbit1

Skill      XL: |  1  2  3  4  5  6 |
---------------+-------------------+-----
Axes           | 5 6 7 8 10 | 10.7
Fighting       | |  3.6
Armour         | |  2.1
Dodging        | |  1.5

Action                   |  1- 3 |  4- 6 |  7- 9 || total
-------------------------+-------+-------+-------++-------
Melee: Hand axe          |   123 |   191 |    45 ||   359
Invok: Berserk           |     4 |     4 |     1 ||     9
 Stab: Sleeping          |       |     1 |       ||     1
  Eat: Chunk             |     6 |    10 |     2 ||    18
Armor: Animal skin       |    50 |    25 |       ||    75
       Leather armour    |       |    20 |    11 ||    31
Dodge: Dodged            |    92 |   100 |    16 ||   208
